Map: Ancient Cistern LE

Players

Prestor

  • Race: Terran Terran
  • League: Platinum
  • Spawn Location: 1:00

MrSLOW - Winner!

  • Race: Protoss Protoss
  • League: Bronze
  • Spawn Location: 7:00

VOD

Have the link to the VOD?

Description

Time

  • Played on: March 31, 2023, 11:52 a.m.
  • Length: 8:11
Show
View Real Time Build Order
Export as new Build Order

Prestor Terran 

Build Orders:  

Get SALT Encoding   

  12  0:00  SCV  
  13  0:15  Supply Depot  
  13  0:17  SCV  
  14  0:29  SCV  
  15  0:39  Barracks  
  15  0:41  SCV  
  16  0:50  Refinery  
  16  0:54  Refinery, SCV  
  17  1:06  SCV  
  18  1:18  SCV  
  19  1:26  Supply Depot  
  19  1:30  SCV  
  20  1:32  Barracks Reactor  
  20  1:42  SCV  
  21  1:49  Factory  
  21  2:08  SCV  
  22  2:19  Barracks Reactor  
  22  2:20  SCV  
  23  2:27  Command Center  
  23  2:32  SCV  
  23  2:35  Starport  
  24  2:45  Supply Depot, Widow Mine  
  24  2:48  Widow Mine  
  28  3:06  Widow Mine  
  28  3:07  Supply Depot  
  28  3:09  Widow Mine  
  32  3:17  Marine  
  32  3:19  Medivac  
  35  3:35  Marine  
  35  3:36  Barracks  
  35  3:41  SCV  
  37  3:44  Widow Mine  
  39  3:56  Medivac  
  39  3:57  Barracks Reactor  
  41  4:06  Barracks  
  41  4:10  Engineering Bay  
  41  4:12  Widow Mine  
  37  4:51  Widow Mine x2  
  37  4:52  Medivac  
  39  4:54  Barracks Tech Lab  
  39  4:55  Marine x3  
  39  4:56  SCV  
  39  4:57  SCV  
  44  5:01  Barracks  
  44  5:09  SCV x2  
  44  5:11  Terran Infantry Weapons Level 1  
  46  5:21  SCV x2  
  48  5:24  Hellion x2  
  52  5:31  Stimpack  
  52  5:33  Barracks Tech Lab  
  52  5:34  Marauder  
  54  5:57  Widow Mine x2  
  54  6:00  SCV  
  55  6:06  Combat Shield  
  55  6:08  Barracks Tech Lab  
  55  6:09  Marine  
  55  6:10  Marine x3  
  59  6:18  Hellion  
  62  6:22  Supply Depot  
  62  6:24  Orbital Command, Supply Depot  
  61  6:40  Marine  
  61  6:43  Marine x4  
  61  6:44  Hellion, Medivac  
  70  6:48  Supply Depot  
  61  7:31  Marine x2, Marauder  
  61  7:32  Marine, Marauder  
  61  7:34  Widow Mine x2  
  64  7:49  Marine x2  
Show
View Real Time Build Order
Export as new Build Order

MrSLOW Protoss - Winner!

Build Orders: Phoenix Opening, Colossus Rush 

Get SALT Encoding   

  12  0:00  Probe  
  13  0:12  Probe  
  14  0:17  Pylon  
  14  0:24  Probe (Chrono Boost)  
  15  0:37  Probe (Chrono Boost), Gateway  
  16  0:44  Probe (Chrono Boost)  
  16  0:45  Assimilator  
  17  0:51  Probe  
  17  0:53  Assimilator  
  18  1:03  Probe (Chrono Boost)  
  19  1:04  Pylon  
  19  1:14  Probe (Chrono Boost)  
  20  1:19  Probe (Chrono Boost)  
  21  1:26  Cybernetics Core  
  21  1:29  Probe  
  24  1:41  Probe  
  25  1:52  Nexus  
  23  1:58  Probe  
  24  2:02  Sentry (Chrono Boost)  
  24  2:03  Warp Gate  
  26  2:10  Probe  
  26  2:12  Pylon  
  27  2:22  Probe  
  28  2:23  Stalker (Chrono Boost)  
  30  2:32  Phoenix  
  30  2:34  Probe  
  30  2:36  Robotics Facility  
  31  2:46  Probe, Stalker  
  34  2:59  Probe  
  34  3:04  Probe  
  36  3:12  Probe  
  37  3:16  Gateway  
  37  3:17  Probe, Gateway  
  38  3:25  Pylon  
  38  3:26  Observer (Chrono Boost)  
  39  3:35  Pylon  
  39  3:37  Probe  
  39  3:38  Probe, Robotics Bay  
  41  3:41  Observer (Chrono Boost)  
  42  3:49  Probe  
  42  3:50  Probe  
  42  3:54  Adept  
  46  3:59  Observer  
  48  4:02  Probe  
  48  4:03  Probe  
  48  4:07  Assimilator  
  48  4:09  Assimilator  
  49  4:11  Adept  
  49  4:12  Adept  
  49  4:14  Probe  
  49  4:16  Stalker  
  56  4:17  Observer  
  56  4:20  Probe  
  57  4:26  Pylon  
  57  4:27  Probe  
  58  4:32  Probe  
  57  4:40  Adept  
  57  4:42  Adept  
  58  4:48  Probe  
  58  4:49  Probe  
  60  5:01  Probe x2  
  62  5:08  Pylon  
  62  5:10  Pylon, Adept x2  
  62  5:11  Stalker  
  62  5:13  Probe x2  
  62  5:14  Colossus (Chrono Boost)  
  76  5:32  Forge  
  76  5:34  Twilight Council  
  76  5:49  Adept x3  
  81  5:55  Probe x2  
  82  6:02  Colossus (Chrono Boost)  
  82  6:07  Probe x2  
  90  6:18  Pylon  
  90  6:22  Nexus  
  90  6:25  Pylon  
  90  6:38  Probe  
  90  6:39  Probe  
  92  6:46  Zealot x3  
  98  6:49  Warp Prism (Chrono Boost)  
  100  6:57  Probe  
  100  6:58  Probe  
  100  7:09  Probe  
  100  7:10  Probe  
  100  7:14  Pylon  
  102  7:17  Shield Battery  
  102  7:21  Probe  
  102  7:22  Probe  
  102  7:27  Gateway x2  
  102  7:30  Gateway x2  
  102  7:32  Gateway  
  102  7:41  Stalker  
  102  7:43  Templar Archives  
  90  7:58  Zealot  
  90  7:59  Zealot  
  77  8:05  Stalker  
Tags
 
Add a new tag
Caveats
  • Supply blocks, unpowered buildings, or Contaminate may cause inaccurate times.
  • Supply counts are checked every 10 seconds.